 Dungeon Crawl Stone Soup version 0.22.0-13-g43fe8f2 (webtiles) character file.

31 letownia2 the Insei (level 3, 25/27 HPs)
             Began as a Demonspawn Transmuter on Aug 16, 2018.
             Quit the game on level 3 of the Dungeon.
             The game lasted 00:02:32 (544 turns).

letownia2 the Insei (Demonspawn Transmuter)          Turns: 544, Time: 00:02:33

Health: 25/27      AC:  6    Str: 11    XL:     3   Next: 7%
Magic:  3/6        EV: 10    Int: 14    God:
Gold:   68         SH:  0    Dex: 13    Spells: 3/6 levels left

rFire    . . .     SeeInvis .     - Unarmed
rCold    . . .     Gourm    .   (no shield)
rNeg     . . .     Faith    .   e - +0 ring mail
rPois    .         Spirit   .   (no helmet)
rElec    .         Reflect  .   (no cloak)
rCorr    .         Harm     .   h - +0 pair of gloves
MR       .....                  (boots currently unavailable)
Stlth    +.........             (no amulet)
HPRegen  0.09/turn              (no ring)
MPRegen  0.10/turn              (no ring)

@: appendage, very slightly contaminated
A: claws 1, talons 3, spiny 1
a: End Transformation


You were on level 3 of the Dungeon.
You were not hungry.
You had grown temporary talons.
You visited 1 branch of the dungeon, and saw 3 of its levels.

You collected 68 gold pieces.

Inventory:

Missiles
 a - 12 arrows
Armour
 b - a +0 robe
 e - a +0 ring mail (worn)
 h - a +0 pair of gloves (worn)
 i - a +0 leather armour
Scrolls
 f - a scroll of identify {unknown}
 j - a scroll of immolation {unknown}
Potions
 c - a potion of resistance {unknown}
 g - a potion of lignification {unknown}
Comestibles
 d - 3 rations


   Skills:
 + Level 1.7 Fighting
 - Level 1.7 Dodging
 + Level 3.5 Unarmed Combat
 - Level 2.0 Spellcasting
 - Level 1.7 Transmutations


You had 3 spell levels left.
You knew the following spells:

 Your Spells              Type           Power        Failure   Level  Hunger
a - Beastly Appendage     Tmut           #.....       28%         1    ##.....
l - Sticks to Snakes      Tmut           #.......     38%         2    ###....

Your spell library contained the following spells:

 Spells                   Type           Power        Failure   Level  Hunger
 Spider Form              Tmut/Pois      #.........   77%         3    ####...
 Blade Hands              Tmut           #.........   100%        5    ######.
 Ice Form                 Ice/Tmut       #.......     99%         4    #####..


Dungeon Overview and Level Annotations

Branches:
Dungeon (3/15)

Altars:
Qazlal


Innate Abilities, Weirdness & Mutations

You have sharp fingernails.
You are partially covered in sharp spines.
You have claws for feet.


Message History

You hit the ooze. You claw the ooze.
The ooze is moderately wounded.
The ooze hits you but does no damage.
You hit the ooze.
The ooze is heavily wounded.
You hit the ooze.
You kill the ooze!
You have reached level 3!
Your experience leads to an increase in your attributes!
Increase (S)trength, (I)ntelligence, or (D)exterity?
You feel stronger.
You feel monstrous as your demonic heritage exerts itself.
Your demonic ancestry asserts itself...
Your fingernails lengthen.
Quiver which item? (- for none, * to show all) (? for menu, Esc to quit)
You don't have any such object.
Quiver which item? (- for none, * to show all) (? for menu, Esc to quit)
Okay, then.
Unknown command.
Are you sure you want to abandon this character and quit the game? (Confirm with "yes".)

.........
#........
#........
#........
#.....(..
#........
##S..J..<.
#.#.......
#@##......
#<# ......
#.# .....
#.# .....
#.# ###.
#.. ##. .
..


You could see an adder.

Vanquished Creatures
  2 oozes
  2 dart slugs
  A leopard gecko (D:2)
  A giant cockroach (D:2)
  A goblin (D:2)
  4 hobgoblins
  3 kobolds
  A ball python (D:1)
  A frilled lizard (D:2)
16 creatures vanquished.

Notes
Turn   | Place    | Note
-------+----------+-------------------------------------------
     0 | D:1      | letownia2 the Demonspawn Transmuter began the quest for the Orb.
     0 | D:1      | Reached XP level 1. HP: 15/15 MP: 3/3
   111 | D:1      | Reached skill level 3 in Unarmed Combat
   213 | D:1      | Gained mutation: You are partially covered in sharp spines. [demonic ancestry]
   213 | D:1      | Reached XP level 2. HP: 14/21 MP: 3/5
   388 | D:2      | Found a stormy altar of Qazlal.
   426 | D:2      | Learned a level 2 spell: Sticks to Snakes
   543 | D:3      | Gained mutation: You have sharp fingernails. [demonic ancestry]
   543 | D:3      | Reached XP level 3. HP: 25/27 MP: 3/6
   544 | D:3      | Quit the game

Skill      XL: |  1 |
---------------+----+-----
Unarmed Combat | 3 |  3.5
Fighting       | |  1.7
Dodging        | |  1.7
Spellcasting   | |  2.0
Transmutations | |  1.7

Action                   || total
-------------------------++-------
Melee: Unarmed           ||    61
       Kick              ||     5
       Headbutt          ||     1
       Punch             ||     1
 Cast: Beastly Appendage ||     7
Armor: Robe              ||     1
       Ring mail         ||     9
Dodge: Dodged            ||    30
